 Dungeon Sprint DCSS version 0.31-a0-875-g02e7d12df6 (webtiles) character file.

Game seed: 1535653510988265355

37 sircluck the Ruffian (level 3, -15/39 HPs)
             Began as a Troll Berserker on Oct 12, 2023.
             Was a Believer of Trog.
             Demolished by a water elemental (18 damage)
             ... in the Dungeon (Sprint III: "The Ten Rune Challenge").
             The game lasted 00:00:27 (124 turns).

sircluck the Ruffian (Troll Berserker)               Turns: 124, Time: 00:00:28

Health: -15/39     AC:  4    Str: 27    XL:     3   Next: 21%
Magic:  2/2        EV: 10    Int:  3    God:    Trog [**....]
Gold:   32         SH:  0    Dex:  9    Spells: 2/2 levels left

rFire   . .          .
                       - Unarmed
rCold   . . .        (no shield)
rNeg    . . .        a - +0 animal skin
rPois   .            (helmet restricted)
rElec   .            (no cloak)
rCorr   .            (gloves unavailable)
SInv    .            (boots unavailable)
Will    .....        (no amulet)
Stlth   ++           (no ring)
HPRegen 1.06/turn    (no ring)
MPRegen 0.08/turn

%: no teleportation
@: no status effects
A: large, unfitting armour, claws 3, regeneration 1, shaggy fur 1, tough skin 1,
horns 1, camouflage 1, sense surroundings 1
a: Renounce Religion, Berserk, Trog's Hand


You were in the Dungeon.
You worshipped Trog.
Trog was pleased with you.
You visited 1 branch You collected 32 gold pieces.

Inventory:

Armour
 a - a +0 animal skin (worn)
Scrolls
 g - a scroll of blinking
 i - 2 scrolls of torment {unknown}
 j - 4 scrolls of identify
Potions
 b - a potion of curing
 c - a potion of heal wounds
 d - a potion of haste
 e - 2 potions of magic
 f - a potion of berserk rage
 h - 3 potions of mutation
 k - 2 potions of enlightenment {unknown}


   Skills:
 + Level 3.9 Fighting
 + Level 3.9 Dodging
 + Level 4.7 Unarmed Combat


You had 2 spell levels left.
You didn't know any spells.
Your spell library was empty.

Dungeon Overview and Level Annotations

Branches:
Dungeon (1/1)

Altars:


Innate Abilities, Weirdness & Mutations

You are too large for most types of armour.
You have claws for hands.
Your natural rate of healing is unusually fast.
You are covered in fur. (AC +1)
You have tough skin. (AC +1)
You have a pair of small horns on your head.
Your skin changes colour to match your surroundings (Stealth+).
You passively map a small area around you.


Message History

i - 2 scrolls labelled XINYDEICVIN (gained 1)
j - 4 scrolls of identify (gained 2);
h - 4 fuming grey potions (gained 1)
k - 2 sapphire potions (gained 1)
There is an open door here.
You enter the shallow water.
You open the door.
A water elemental comes into view.
The water elemental moves out of view.
You close the door.
It was a potion of mutation.
You feel extremely strange.
Your skin functions as natural camouflage.
A pair of horns grows on your head!
You feel a strange attunement to the structure of the dungeons.
You open the door. You claw the water elemental!
The water elemental is moderately damaged.
The water elemental hits you.
You barely miss the water elemental.
The water elemental is moderately damaged.
The water elemental hits you!
The water elemental engulfs you in water!
You slip free of the water engulfing you.
You gasp with relief as air once again reaches your lungs.
The water elemental attacks as it pursues you!
The water elemental hits you!
The water elemental engulfs you in water!
You barely miss the water elemental.
The water elemental is moderately damaged.
Your lungs strain for air!
The water elemental misses you.
You scratch the water elemental.
The water elemental is heavily damaged.
Your lungs strain for air!
The water elemental hits you!
* * * LOW HITPOINT WARNING * * *
You slip free of the water engulfing you.
You gasp with relief as air once again reaches your lungs.
The water elemental attacks as it pursues you!
The water elemental hits you!!
You die...

▓▓▓▓▓▓▓▓▓▓▓▓▓ ▓▓▓
▓<.#..'...♣.♣♣ ♣.#
▓..#..#......♣ ♣♣.# _
▓#'####.....♣♣ ♣@.# , ,
▓.....#....~.♣♣♣E.# +
▓.....#...~~♣♣..♣.# , ,
▓.....#..~~†~.....'.⌠....
▓####'#..~≈≈~~~...#...###
, ▓|.†..#.~~≈~~~....#.⌠.#
_ * ▓.....#.~≈~~~.....#
..# *
▓.....#.~~~.......#+###
▓'#####...........# ,*_


You could see a water elemental.

Vanquished Creatures
  A human (D)
  A wolf (D)
  2 endoplasms (D)
  2 rats (D)
6 creatures vanquished.

Notes
Turn   | Place    | Note
-------+----------+-------------------------------------------
     0 | D        | sircluck the Troll Berserker began the quest for the Orb.
     0 | D        | Reached XP level 1. HP: 22/22 MP: 0/0
    12 | D        | Reached ** piety under Trog
    51 | D        | Reached skill level 4 in Unarmed Combat
    51 | D        | Reached XP level 2. HP: 23/31 MP: 1/1
    70 | D        | Reached XP level 3. HP: 23/39 MP: 2/2
   115 | D        | Noticed a water elemental
   117 | D        | Gained mutation: Your skin changes colour to match your
                  | surroundings (Stealth+). [potion of mutation]
   117 | D        | Gained mutation: You have a pair of small horns on your
                  | head. [potion of mutation]
   117 | D        | Gained mutation: You passively map a small area around you.
                  | [potion of mutation]
   124 | D        | Demolished by a water elemental

Illustrated notes

Levels and vault maps discovered:
D:        dungeon_sprint_mu [sprint_mu_entry_forest, sprint_mu_temple_rooms,
          sprint_mu_d1_horrors, sprint_mu_d2_genie, sprint_mu_d3_branching,
          sprint_mu_orc_legion, sprint_mu_elf_gauntlet, sprint_mu_hive_nellie,
          sprint_mu_lair_fedhas, sprint_mu_vaults_butterflies,
          sprint_mu_slime_circle, sprint_mu_shoals_archi,
          sprint_mu_snake_twists, sprint_mu_blade_basic,
          sprint_mu_crypt_fortress, sprint_mu_tomb_spiral,
          sprint_mu_vestibule_basic, sprint_mu_gehenna_hellfire,
          sprint_mu_dis_giant, sprint_mu_tartarus_statrot,
          sprint_mu_cocytus_islands, sprint_mu_zot1]

Skill      XL: |  1 |
---------------+----+-----
Fighting       | 3 |  3.9
Dodging        | 3 |  3.9
Unarmed Combat | 4 |  4.7

Action                     || total
---------------------------++-------
  Melee: Unarmed           ||    34
    Use: Potion            ||     1
 Armour: Animal skin       ||    23
  Dodge: Dodged            ||    10

Table legend: (Time is in decaauts)
 A = Elapsed time spent in this place.
 B = Non-inter-level travel time spent in this place.
 C = Inter-level travel time spent in this place.
 D = Time resting spent in this place.
 E = Time spent auto-exploring this place.
 F = Levels seen in this place.
 G = Mean time per level.
                   A        B        C        D        E       F      G
               +--------+--------+--------+--------+--------+-----+--------+
         Total |    122 |    122 |      0 |      0 |     67 |   1 |  122.0 |
       Dungeon |    122 |    122 |      0 |      0 |     67 |   1 |  122.0 |
               +--------+--------+--------+--------+--------+-----+--------+

Top non-repeatable levels by time:
       D: 122 daAuts
